 Dungeon Crawl Stone Soup version 0.31.0 (webtiles) character file.

Game seed: 2635073828743990747

88 gelatine the Trooper (level 4, 0/35 HPs)
             Began as a Demonspawn Fighter on Jan 19, 2024.
             Slain by a gnoll sergeant
             ... wielding a +6 spear of venom
              (8 damage)
             ... on level 3 of the Dungeon.
             The game lasted 00:04:44 (1637 turns).

gelatine the Trooper (Demonspawn Fighter)           Turns: 1637, Time: 00:04:46

Health: 0/35       AC:  9    Str: 16 (19) XL:     4   Next: 30%
Magic:  5/5        EV:  9    Int:  5 (8)  God:
Gold:   102        SH:  8    Dex: 11 (12) Spells: 4/4 levels left

rFire   . . .        a - +0 war axe
rCold   . . .        c - +0 buckler
rNeg    . . .        b - +0 scale mail
rPois   .            (no helmet)
rElec   .            (no cloak)
rCorr   .            k - +0 pair of gloves
SInv    .            (no boots)
Will    .....        (no amulet) Stlth
                     e - ring of wizardry
HPRegen 0.25/turn    j - +4 ring of slaying
MPRegen 0.09/turn

%: wizardry (x1)
@: mighty, lethally poisoned (0 -> -5)
A: thin metallic scales 1, condensation shield, wild magic 1
a: no special abilities


You were on level 3 of the Dungeon.
You visited 1 branch of the dungeon, and saw 3 of its levels.

You collected 102 gold pieces.

Inventory:

Hand Weapons
 a - a +0 war axe (weapon)
 m - a +1 antimagic sling
Missiles
 o - a javelin (quivered)
Armour
 b - a +0 scale mail (worn)
 c - a +0 buckler (worn)
 k - a +0 pair of gloves (worn)
Jewellery
 e - a ring of wizardry (left hand)
 j - a +4 ring of slaying (right hand)
Scrolls
 i - a scroll of enchant armour {unknown}
 l - 2 scrolls of teleportation {unknown}
 n - a scroll of identify {unknown}
 p - a scroll of fear {unknown}
Potions
 g - 2 potions of heal wounds
 h - a potion of degeneration


   Skills:
 * Level 3.4 Fighting
 * Level 2.8 Axes
 + Level 0.2 Throwing
 * Level 3.0 Armour
 * Level 0.4 Dodging
 * Level 0.3 Stealth
 * Level 3.0 Shields
 * Level 0.8 Spellcasting


You had 4 spell levels left.
You didn't know any spells.
Your spell library contained the following spells:

 Spells                   Type           Power      Damage    Failure   Level
 Apportation              Tloc           0%         N/A       71%         1
 Necrotise                Necr           0%         1d4       71%         1
 Sting                    Conj/Alch      0%         1d3       71%         1
 Summon Small Mammal      Summ           0%         N/A       71%         1
 Scorch                   Fire           0%         2d5       82%         2
 Flame Wave               Conj/Fire      0%         2d4       100%        4
 Summon Cactus Giant      Summ           0%         N/A       100%        6


Dungeon Overview and Level Annotations

Branches:
Dungeon (3/15)

Altars:

Shops:
D:2 (


Innate Abilities, Weirdness & Mutations

You are partially covered in thin metallic scales. (AC +2)
A meltable shield of frost defends you. (SH +4)
Your spells are a little harder to cast, but a little more powerful.


Message History

The endoplasm attacks as it pursues you!
The endoplasm hits you but does no damage.
The gnoll sergeant attacks as it pursues you!
The gnoll sergeant hits you from afar with a +6 spear of venom!
You are poisoned.
An orc wizard comes into view. It is wielding a +0 dagger.
You feel very sick.
The endoplasm attacks as it pursues you!
You block the endoplasm's attack.
The gnoll sergeant attacks as it pursues you!
The gnoll sergeant hits you from afar with a +6 spear of venom!
You are lethally poisoned!
* * * LOW HITPOINT WARNING * * *
You feel very sick.
The endoplasm attacks as it pursues you!
The endoplasm hits you.
* * * LOW HITPOINT WARNING * * *
You see here a +0 short sword.
* * * LOW HITPOINT WARNING * * *
You feel very sick.
It was a potion of heal wounds.
You feel much better.
You feel very sick. You block the endoplasm's attack.
The gnoll sergeant closely misses you.
It was a potion of degeneration.
There was something very wrong with that liquid.
You feel weakened.
You feel dopey.
You feel clumsy.
You feel very sick.
The endoplasm hits you but does no damage.
The gnoll sergeant closely misses you.
It was a potion of mutation.
You feel extremely strange.
You feel less in control of your magic.
You feel sick.
The endoplasm hits you but does no damage.
You block the gnoll sergeant's attack.
You feel very mighty all of a sudden.
You feel sick. The endoplasm freezes you.
You are frozen.
* * * LOW HITPOINT WARNING * * *
The gnoll sergeant hits you from afar with a +6 spear of venom!
You die...

[... #.# #...#
## #.# #...#
#. #$# #...#
.. ..# #...#
.# ### ##.##.#
#....# #.##.#
######.###.#
#..@Jgo..# ..
#.####o.......
.. #.####.##
#.# #.. # #
#.## #.# #o#
..


You could see a gnoll sergeant, an orc wizard, an orc and an endoplasm.

Vanquished Creatures
  4 gnolls (D:2)
  A ribbon worm (D:2)
  3 endoplasms
  3 giant cockroaches
  3 hobgoblins (D:1)
  3 jackals (D:1)
  4 kobolds (D:1)
  2 quokkas (D:1)
  6 ball pythons
  6 bats
  2 frilled lizards (D:1)
  5 goblins
  5 rats
47 creatures vanquished.

Notes
Turn   | Place    | Note
-------+----------+-------------------------------------------
     0 | D:1      | gelatine the Demonspawn Fighter began the quest for the
                  | Orb.
     0 | D:1      | Reached XP level 1. HP: 18/18 MP: 1/1
   141 | D:1      | Found a faded altar of an unknown god.
   164 | D:1      | Gained mutation: A meltable shield of frost defends you.
                  | (SH +4) [demonic ancestry]
   164 | D:1      | Reached XP level 2. HP: 22/24 MP: 2/2
   696 | D:1      | Gained mutation: You are partially covered in thin metallic
                  | scales. (AC +2) [demonic ancestry]
   696 | D:1      | Reached XP level 3. HP: 29/29 MP: 3/3
   953 | D:2      | Reached XP level 4. HP: 4/35 MP: 3/5
  1122 | D:2      | Found Soqudu's Antique Weapon Shoppe.
  1612 | D:3      | Noticed a gnoll sergeant
  1636 | D:3      | Gained mutation: Your spells are a little harder to cast,
                  | but a little more powerful. [potion of mutation]
  1637 | D:3      | Slain by a gnoll sergeant

Illustrated notes

Levels and vault maps discovered:
D:1:      minmay_arrival_widening_spiral_wide, layout_basic,
          chequers_ecumenical_altar_island, minmay_pentomino_v2
D:2:      layout_rooms, serial_corexii_hall, chequers_hall_statues_corner_a,
          chequers_hall_statues_corner_a, serial_shops,
          nicolae_shop_just_a_little_nook, hangedman_decor_points,
          minmay_diced_spiral
D:3:      layout_loops_cross, uniq_sigmund, uniq_crazy_yiuf_cottage

Skill      XL: |  1  2  3 |
---------------+----------+-----
Axes           | 2 |  2.8
Armour         | 3 |  3.0
Shields        | 3 |  3.0
Fighting       | |  3.4
Throwing       | |  0.2
Dodging        | |  0.4
Stealth        | |  0.3
Spellcasting   | |  0.8

Action                     |  1- 3 |  4- 6 || total
---------------------------+-------+-------++-------
  Melee: War axe           |    87 |     7 ||    94
  Throw: Javelin           |     8 |    18 ||    26
    Use: Potion            |     1 |     4 ||     5
 Armour: Scale mail        |    82 |     8 ||    90
  Dodge: Dodged            |    36 |     3 ||    39
  Block: Buckler           |    51 |    10 ||    61
